 Dungeon Crawl Stone Soup version 0.30-b1-2-g02819fbbbe (webtiles) character file.

Game seed: 9316891347116542222

(classic levelgen) 3357 EnegeticOcto the Cleaver (level 9, -13/79 HPs)
             Began as a Minotaur Fighter on May 8, 2023.
             Was a Priest of Cheibriados.
             Mangled by a two-headed ogre
             ... wielding a +0 giant club
              (25 damage)
             ... on level 9 of the Dungeon.
             The game lasted 00:03:59 (8838 turns).

EnegeticOcto the Cleaver (Minotaur Fighter)         Turns: 8838, Time: 00:04:00

Health: -13/79     AC: 10    Str: 32    XL:     9   Next: 73%
Magic:  11/11      EV: 11    Int: 12    God:    Cheibriados [***...]
Gold:   489        SH:  7    Dex: 17    Spells: 8/8 levels left

rFire   . . .        A - +1 hand axe (distort)
rCold   . . .        c - +1 buckler
rNeg    . . .        y - +0 chain mail
rPois   +            (helmet restricted)
rElec   .            (no cloak)
rCorr   .            (no gloves)
SInv    +            (no boots)
Will    .....        (no amulet) Stlth
                     s - ring of see invisible
HPRegen 0.33/turn    u - ring of poison resistance
MPRegen 0.12/turn

%: no passive effects
@: very slow
A: horns 2, retaliatory headbutt
a: Renounce Religion, Bend Time, Temporal Distortion


You were on level 9 of the Dungeon.
You worshipped Cheibriados.
Cheibriados was most pleased with you.
You visited 2 branches of the dungeon, and saw 10 of its levels.

You collected 489 gold pieces.

Inventory:

Hand Weapons
 a - a +1 war axe
 A - a +1 hand axe of distortion (weapon)
   (You took it off an orc on level 7 of the Dungeon)
Armour
 c - a +1 buckler (worn)
 y - a +0 chain mail (worn)
   (You found it on level 5 of the Dungeon)
Jewellery
 s - a ring of see invisible (left hand)
   (You found it on level 3 of the Dungeon)
 u - a ring of poison resistance (right hand)
   (You found it on level 3 of the Dungeon)
 w - a ring of flight
   (You found it on level 4 of the Dungeon)
 D - a ring of resist corrosion
   (You took it off an orc on level 8 of the Dungeon)
Wands
 b - a wand of polymorph (6)
   (You found it on level 5 of the Dungeon)
 E - a wand of acid (4) {@v1}
   (You found it on level 9 of the Dungeon)
Scrolls
 f - 3 scrolls of silence
 i - 3 scrolls of enchant armour
 m - 4 scrolls of enchant weapon
 o - 2 scrolls of teleportation {@r3}
 q - a scroll of poison
 v - 2 scrolls of blinking {@r4}
 z - 3 scrolls of vulnerability {unknown}
 B - 2 scrolls of identify {@r1}
 C - 3 scrolls of fog {unknown}
Potions
 d - 5 potions of might {@q3}
 e - 2 potions of flight
 g - 2 potions of lignification {unknown}
 h - a potion of heal wounds {unknown}
 j - 3 potions of curing {unknown}
 k - 3 potions of mutation {unknown}
 l - a potion of haste {unknown}
 n - a potion of ambrosia {unknown}
 p - a potion of resistance {unknown}
 r - 2 potions of degeneration {unknown}
 t - 2 potions of brilliance {unknown}
 x - a potion of magic {unknown}
 F - a potion of invisibility {unknown}


   Skills:
 + Level 7.5 Fighting
 * Level 9.7 Axes
 + Level 7.6 Armour
 + Level 4.6 Dodging
 + Level 7.6 Shields
 + Level 4.1 Invocations


You had 8 spell levels left.
You didn't know any spells.
Your spell library was empty.

Dungeon Overview and Level Annotations

Branches:
Dungeon (9/15)             Temple (1/1) D:4
   Lair: D:8-11         Orc: D:9-12

Altars:
Ashenzari
Cheibriados
Dithmenos
Elyvilon
Fedhas
Gozag
Hepliaklqana
Kikubaaqudgha
Makhleb
Nemelex Xobeh
Okawaru
Qazlal
Ru
Sif Muna
Trog
Vehumet
Wu Jian
Xom
Yredelemnul
Zin
The Shining One

Shops:
D:4 *   D:8 *

Annotations:
D:6 1 runed translucent door, Clive's ghost, novice MiFi


Innate Abilities, Weirdness & Mutations

You have a pair of horns on your head.
You reflexively headbutt those who attack you in melee.


Message History

The gnoll sergeant hits you from afar with a +3 spear of freezing.
The gnoll sergeant freezes you.
You hit the gnoll.
The gnoll is heavily wounded.
The gnoll blinks!
The gnoll sergeant barely misses you.
The gnoll sergeant hits you with a +3 spear of freezing.
The gnoll sergeant freezes you. The gnoll sergeant barely misses you.
You barely miss the gnoll sergeant.
The gnoll sergeant is lightly wounded.
You barely miss the gnoll sergeant.
You headbutt the gnoll sergeant, but do no damage.
The gnoll sergeant is lightly wounded.
You block the gnoll's attack.
The gnoll sergeant hits you but does no damage.
You hit the gnoll sergeant but do no damage.
The gnoll sergeant is lightly wounded.
The gnoll sergeant blinks!
You block the gnoll's attack. You block the gnoll sergeant's attack.
The gnoll hits you with a +0 spear!
The gnoll sergeant hits you with a +3 spear of freezing.
The gnoll sergeant freezes you. You block the gnoll's attack.
The gnoll sergeant barely misses you.
You are too injured to fight recklessly!
There are monsters nearby!
There are monsters nearby!
You are too injured to fight recklessly!
You are too injured to fight recklessly!
You are too injured to fight recklessly!
You are too injured to fight recklessly!
You slash the gnoll sergeant! You headbutt the gnoll sergeant.
The gnoll sergeant is heavily wounded.
You closely miss the gnoll.
The gnoll sergeant hits you with a +3 spear of freezing!
* * * LOW HITPOINT WARNING * * *
The gnoll sergeant freezes you.
* * * LOW HITPOINT WARNING * * *
You block the gnoll's attack.
You hit the gnoll sergeant but do no damage.
Space warps around the gnoll sergeant.
You headbutt the gnoll sergeant!
The gnoll sergeant is almost dead.
You hit the gnoll. You barely miss the gnoll sergeant.
You headbutt the gnoll sergeant, but do no damage.
The gnoll sergeant is almost dead.
You completely miss the gnoll. The gnoll hits you with a +0 spear.
* * * LOW HITPOINT WARNING * * *
The gnoll sergeant hits you with a +3 spear of freezing.
* * * LOW HITPOINT WARNING * * *
The gnoll sergeant freezes you.
* * * LOW HITPOINT WARNING * * *
You slash the gnoll sergeant!
You kill the gnoll sergeant!
Cheibriados appreciates the change of pace.
You closely miss the gnoll. The gnoll hits you with a +0 spear.
* * * LOW HITPOINT WARNING * * *
You hit the gnoll but do no damage.
Space warps horribly around the gnoll.
You kill the gnoll!
Cheibriados thoroughly appreciates the change of pace.
HP restored.
Things that are here:
a +3 spear of freezing; a +0 scale mail; a gnoll corpse You now have 479 gold pieces (gained 3).
You now have 489 gold pieces (gained 10).
Found a radiant altar of Vehumet.
The yak bellows!
You open the gate.
There is an open gate here.
You open the door.
There is an open door here.
There is an open door here.
There is an open door here.
You see here a +0 robe.
A two-headed ogre comes into view. It is wielding two +0 giant clubs.
Found a stone staircase leading up.
The two-headed ogre shouts in stereo!
Unknown command.
A two-headed ogre is nearby!
A two-headed ogre is nearby!
A two-headed ogre is nearby!
A two-headed ogre is nearby!
The two-headed ogre hits you with a +0 giant club!!
The two-headed ogre hits you with a +0 giant club!
You hit the two-headed ogre.
Space warps around the two-headed ogre.
The two-headed ogre is lightly wounded.
The two-headed ogre hits you with a +0 giant club!
The two-headed ogre hits you with a +0 giant club!!
* * * LOW HITPOINT WARNING * * *
You are too injured to fight recklessly!
You are too injured to fight recklessly!
You are too injured to fight recklessly!
You are too injured to fight recklessly!
You are too injured to fight recklessly!
A two-headed ogre is nearby!
You are too injured to fight recklessly!
You hit the two-headed ogre.
The two-headed ogre is lightly wounded.
You barely miss the two-headed ogre. You headbutt the two-headed ogre!
The two-headed ogre is moderately wounded.
The two-headed ogre hits you with a +0 giant club!!
You die...

...#..................
...#..................
...'......##.)...##..
...#......##.....####+##
#..#....................
#).#......#########.....
#..#......#.......# ....
#..#<.....#..###..# ...
#..#......#..# #@.#
#..########..# #O.......
#............# #<.......
#...###......# #........
#...# #......# #........
....# #......# #........
....# #......# #........
..... ..................
################


You could see a two-headed ogre.

Vanquished Creatures
  A vampire (D:8)
  Sigmund (D:3)
  2 water moccasins
  2 orc warriors (D:8)
  A centaur (D:9)
  3 ogres
  3 phantoms
  3 kobold brigands (D:6)
  2 bullfrogs
  A gnoll sergeant (D:9)
  4 wights (D:6)
  9 killer bees (D:7)
  2 jellies (D:4)
  5 hounds
  3 orc priests
  An iguana (D:6)
  3 sleepcaps
  6 orc wizards
  6 gnolls
  8 adders
  A shadow imp (D:8)
  3 white imps
  2 ufetubi
  2 worms
  5 dart slugs
  31 orcs
  5 ball pythons
  5 bats
  6 endoplasms
  5 giant cockroaches
  4 goblins
  8 hobgoblins
  2 jackals (D:2)
  17 kobolds
  7 quokkas
  A frilled lizard (D:1)
  4 rats (D:1)
174 creatures vanquished.

Notes
Turn   | Place    | Note
-------+----------+-------------------------------------------
     0 | D:1      | EnegeticOcto the Minotaur Fighter began the quest for the
                  | Orb.
     0 | D:1      | Reached XP level 1. HP: 19/19 MP: 0/0
   192 | D:1      | Reached XP level 2. HP: 27/27 MP: 1/1
   327 | D:1      | Reached skill level 3 in Axes
   597 | D:1      | Reached XP level 3. HP: 33/33 MP: 2/2
  1073 | D:2      | Reached XP level 4. HP: 36/40 MP: 3/3
  1770 | D:3      | Found a shadowy altar of Dithmenos.
  1782 | D:3      | Reached skill level 4 in Axes
  2232 | D:3      | Found an ornate altar of the Wu Jian Council.
  2238 | D:3      | Noticed Sigmund
  2242 | D:3      | Killed Sigmund
  2243 | D:3      | Reached skill level 5 in Axes
  2243 | D:3      | Reached XP level 5. HP: 47/47 MP: 4/4
  2243 | D:3      | Reached XP level 6. HP: 55/55 MP: 5/5
  2791 | D:4      | Reached skill level 5 in Fighting
  2791 | D:4      | Reached skill level 5 in Armour
  2791 | D:4      | Reached skill level 5 in Shields
  3016 | D:4      | Found a white marble altar of Elyvilon.
  3057 | D:4      | Reached skill level 6 in Axes
  3057 | D:4      | Reached XP level 7. HP: 46/61 MP: 6/6
  3190 | D:4      | Found a staircase to the Ecumenical Temple.
  3235 | Temple   | Entered the Ecumenical Temple
  3434 | Temple   | Became a worshipper of Cheibriados the Contemplative
  3474 | D:4      | Found Bogyfudo's Lightly-Used Armoury.
  3726 | D:5      | Entered Level 5 of the Dungeon
  3786 | D:5      | Reached skill level 1 in Dodging
  3786 | D:5      | Reached skill level 1 in Invocations
  3819 | D:5      | Found a burning altar of Makhleb.
  4123 | D:5      | Reached skill level 7 in Axes
  4366 | D:5      | Reached XP level 8. HP: 69/70 MP: 8/8
  4378 | D:5      | Found a sacrificial altar of Ru.
  4729 | D:6      | Found an opulent altar of Gozag.
  4729 | D:6      | Found a glowing golden altar of the Shining One.
  4730 | D:6      | Found a glowing silver altar of Zin.
  4740 | D:6      | Found a stormy altar of Qazlal.
  4826 | D:6      | Reached * piety under Cheibriados
  4964 | D:6      | Found a runed translucent door.
  4965 | D:6      | Noticed Clive's ghost (novice MiFi)
  5072 | D:6      | Reached skill level 8 in Axes
  5114 | D:6      | Reached ** piety under Cheibriados
  5793 | D:7      | Reached XP level 9. HP: 41/78 MP: 10/10
  7136 | D:8      | Reached skill level 9 in Axes
  7235 | D:8      | Found Peurecam's General Store.
  7379 | D:8      | Reached *** piety under Cheibriados
  8760 | D:9      | Found a radiant altar of Vehumet.
  8833 | D:9      | Noticed a two-headed ogre
  8838 | D:9      | Mangled by a two-headed ogre

Illustrated notes

Levels and vault maps discovered:
D:1:      scummos_arrival_hexagon, layout_loops_corners,
          minmay_misc_feat_ornament
D:2:      layout_basic
D:3:      layout_basic, grunt_dithmenos_smoke, amcnicky_altar_gilded,
          uniq_sigmund
D:4:      layout_gridville, elyvilon_altar_5, minmay_temple_entry_antechambers,
          minmay_shop_damaged
D:5:      layout_cave_pods, mainiacjoe_overflow_cross_hatched,
          mainiacjoe_overflow_alcove_2
D:6:      cheibrodos_thug_alley, layout_basic,
          nicolae_overflow_quartered_altars, hellmonk_ghost_happy_afterlife
D:7:      layout_layer_cave
D:8:      layout_layer_cave, serial_shops, nicolae_shop_tiny_glass,
          nicolae_fountain_basement
D:9:      layout_stronghold, mainiacjoe_overflow_alcove_4
Temple:   bh_familiar_temple

Skill      XL: |  1  2  3  4  5  6  7  8  9 |
---------------+----------------------------+-----
Axes           | 3 5 6 7 8 9 |  9.7
Fighting       | 4 5 6 7 |  7.5
Armour         | 4 5 6 7 |  7.6
Shields        | 4 5 6 7 |  7.6
Dodging        | 2 3 4 |  4.6
Invocations    | 1 3 4 |  4.1

Action                     |  1- 3 |  4- 6 |  7- 9 || total
---------------------------+-------+-------+-------++-------
  Melee: War axe           |    72 |    80 |   184 ||   336
         Headbutt          |     7 |     9 |    43 ||    59
         Hand axe          |       |       |    69 ||    69
    Use: Scroll            |       |     2 |     8 ||    10
 Armour: Scale mail        |    31 |    31 |    22 ||    84
         Chain mail        |       |       |    88 ||    88
  Dodge: Dodged            |    36 |    43 |   124 ||   203
  Block: Buckler           |    19 |    19 |    95 ||   133
